 Dungeon Crawl Stone Soup version 0.27.1-34-g3ba077fa99 (console) character file.

Game seed: 3437369159778950453

131 Banquo the Shield-Bearer (level 5, -8/42 HPs)
             Began as a Formicid Fighter on Feb 16, 2022.
             Was a Plaything of Xom.
             Killed by nerve-wracking pain
             ... invoked by Grinder
              (11 damage)
             ... on level 3 of the Dungeon.
             The game lasted 00:04:40 (2250 turns).

Banquo the Shield-Bearer (Formicid Fighter)         Turns: 2250, Time: 00:04:41

Health: -8/42      AC:  7    Str: 22    XL:     5   Next: 37%
Magic:  5/5        EV:  8    Int:  7    God:    Xom [..*...]
Gold:   83         SH:  9    Dex: 10    Spells: 4/4 levels left

rFire    . . .     SeeInvis +   a - +0 war axe
rCold    . . .     Faith    .   c - +0 kite shield
rNeg     . . .     Spirit   .   b - +0 scale mail
rPois    .         Reflect  .   (helmet unavailable)
rElec    .         Harm     .   (no cloak)
rCorr    .         Rampage  .   (no gloves)
Will     .....                  (no boots)
Stlth    ..........             (no amulet)
HPRegen  0.14/turn              (no ring)
MPRegen  0.09/turn              (no ring)

@: no status effects
A: permanent stasis, dig shafts and tunnels, antennae 3, four strong arms
a: Dig, Shaft Self, Renounce Religion


You were on level 3 of the Dungeon.
You worshipped Xom.
You were a toy of Xom.
You visited 1 branch of the dungeon, and saw 3 of its levels.

You collected 83 gold pieces.

Inventory:

Hand Weapons
 a - a +0 war axe (weapon)
Missiles
 g - 6 boomerangs
Armour
 b - a +0 scale mail (worn)
 c - a +0 kite shield (worn)
Magical Staves
 h - a staff of poison
Wands
 j - a wand of polymorph (10)
Potions
 d - a potion of might
 e - a potion of flight {unknown}
 i - a potion of degeneration {unknown}


   Skills:
 + Level 4.0 Fighting
 * Level 3.8 Axes
 + Level 3.9 Armour
 + Level 0.6 Dodging
 + Level 4.1 Shields


You had 4 spell levels left.
You didn't know any spells.
Your spell library contained the following spells:

 Spells                   Type           Power      Damage    Failure   Level
 Tukima's Dance           Hex            0%         N/A       100%        3
 Passage of Golubria      Tloc           N/A        N/A       100%        4
 Yara's Violent Unravell  Hex/Tmut       0%         3d3       100%        5


Dungeon Overview and Level Annotations

Branches:
Dungeon (3/15)

Altars:
Xom

Shops:
D:2 =

Annotations:
D:3 Grinder


Innate Abilities, Weirdness & Mutations

You cannot be hasted, slowed, berserked, paralysed or teleported.
You can dig through walls and to a lower floor.
You have a pair of large antennae on your head. (SInv)
Your four strong arms can wield two-handed weapons with a shield.


Message History

No target in view!
Items here: )) [[ ††.
Items here: ))) [[ ††.
You sense a monster nearby.
Grinder comes into view.
Grinder shouts!
You extend your mandibles.
You dig through the rock wall.
You dig through the rock wall.
You dig through the rock wall.
You dig through the rock wall.
You retract your mandibles.
You completely miss Grinder. Grinder barely misses you.
You block Grinder's attack.
You slash Grinder!
Grinder is moderately wounded.
Grinder hits you but does no damage.
You completely miss Grinder.
Grinder is moderately wounded.
Grinder gestures at you. You resist with significant effort. Grinder hits you.
You writhe in agony.
You hit Grinder.
Grinder is heavily wounded.
Grinder gestures at you. Pain shoots through your body!
You hit Grinder.
Grinder is heavily wounded.
Grinder hits you!
You writhe in agony.
Grinder hits you.
* * * LOW HITPOINT WARNING * * *
You hit Grinder.
Grinder is severely wounded.
Grinder hits you.
* * * LOW HITPOINT WARNING * * *
You writhe in agony.
* * * LOW HITPOINT WARNING * * *
You slash Grinder!
Grinder is almost dead.
Grinder gestures at you. Pain shoots through your body!
You die...
Xom roars with laughter!

### #@## ##5# #.##
..######.###############
..5.....................
.##############..###.###
#.....### { #.#...))# #
#...#.#


You could see Grinder.

Vanquished Creatures
  Jessica (D:2)
  2 orc wizards (D:3)
  3 orcs (D:3)
  10 endoplasms
  6 goblins
  4 hobgoblins
  4 kobolds
  2 quokkas
  5 ball pythons
  4 bats
  2 frilled lizards
  4 rats (D:1)
47 creatures vanquished.

Notes
Turn   | Place    | Note
-------+----------+-------------------------------------------
     0 | D:1      | Banquo the Formicid Fighter began the quest for the Orb.
     0 | D:1      | Reached XP level 1. HP: 18/18 MP: 1/1
    78 | D:1      | Reached XP level 2. HP: 20/24 MP: 2/2
   585 | D:1      | Reached XP level 3. HP: 30/30 MP: 3/3
  1296 | D:2      | Found a faded altar of an unknown god.
  1312 | D:2      | Became a worshipper of Xom of Chaos
  1347 | D:2      | XOM: silly message
  1374 | D:2      | Found Unanicob's Jewellery Emporium.
  1435 | D:2      | Noticed Jessica
  1450 | D:2      | Killed Jessica
  1451 | D:2      | Reached XP level 4. HP: 32/37 MP: 4/4
  1454 | D:2      | XOM: divination: detect creatures
  1703 | D:2      | XOM: divination: magic mapping
  2212 | D:3      | Reached XP level 5. HP: 42/42 MP: 5/5
  2235 | D:3      | Noticed Grinder
  2250 | D:3      | Killed from afar by Grinder

Illustrated notes

Levels and vault maps discovered:
D:1:      matt_arrival_diagonals, layout_loops_cross, minmay_tromino_v4_c
D:2:      layout_basic, hellmonk_ecumenical_altar_run_dry, serial_shops,
          nicolae_shop_behind_doors, uniq_jessica
D:3:      layout_basic, mainiacjoe_overflow_chevrons, serial_shops, shop,
          uniq_grinder, uniq_natasha

Skill      XL: |  1  2  3  4 |
---------------+-------------+-----
Axes           | 3 |  3.8
Shields        | 4 |  4.1
Fighting       | 4 |  4.0
Armour         | |  3.9
Dodging        | |  0.6

Action                   |  1- 3 |  4- 6 || total
-------------------------+-------+-------++-------
Melee: War axe           |   100 |    30 ||   130
 Abil: Dig               |       |     2 ||     2
  Use: Scroll            |       |     1 ||     1
Armor: Scale mail        |    44 |     9 ||    53
Dodge: Dodged            |    23 |     4 ||    27
Block: Kite shield       |    46 |     7 ||    53
